 Dungeon Crawl Stone Soup version 0.31-a0-675-g238779eb0a (webtiles) character file.

Game seed: 14540937187635896167

3747 Shayle the Changeling (level 10, -2/130 HPs)
             Began as an Ogre Shapeshifter on Sept 5, 2023.
             Was an Initiate of Gozag.
             Slain by a troll (12 damage)
             ... on level 8 of the Dungeon.
             The game lasted 00:27:03 (6880 turns).

Shayle the Changeling (Ogre Shapeshifter)           Turns: 6880, Time: 00:27:05

Health: -2/130     AC: 29    Str: 20      XL:     10   Next: 15%
Magic:  17/17      EV:  1    Int: 15      God:    Gozag
Gold:   157        SH:  0    Dex:  7 (8)  Spells: 15/19 levels left

rFire   . . .        b - +2 broad axe (flame)
rCold   . . .        (no shield)
rNeg    . . .        a - melded +0 animal skin
rPois   +            (helmet currently unavailable)
rElec   .            (cloak currently unavailable)
rCorr   .            (gloves unavailable)
SInv    .            (boots unavailable)
Will    +....        g - amulet of regeneration
Stlth   +            m - +4 ring of protection
HPRegen 1.21/turn    s - ring of poison resistance
MPRegen 0.15/turn

%: no passive effects
@: tree-form
A: stationary, stasis, torment immunity, boosted hp, large, unfitting armour,
(tough skin 1)
a: Renounce Religion, Potion Petition, Call Merchant, Bribe Branch


You were on level 8 of the Dungeon.
You worshipped Gozag.
Gozag was aware of your devotion.
You were a tree.
You visited 2 branches of the dungeon, and saw 10 of its levels.

You collected 1190 gold pieces.
You spent 470 gold pieces at shops.
You paid 563 gold pieces to Gozag.

Inventory:

Hand Weapons
 b - a +2 broad axe of flaming (weapon)
 l - a +1 dagger of electrocution
 q - a +6 dagger
 r - a +2 trident of freezing
 z - a +0 giant spiked club
Missiles
 u - 4 atropa-tipped darts (quivered)
Armour
 a - a +0 animal skin (melded)
Jewellery
 g - an amulet of regeneration (around neck)
 i - a ring of ice
 j - an amulet of guardian spirit
 m - a +4 ring of protection (left branch)
 s - a ring of poison resistance (right branch)
Talismans
 c - a beast talisman
 d - a flux talisman
Wands
 n - a wand of flame (9)
Scrolls
 h - 2 scrolls of fear
 k - a scroll of blinking
 p - 5 scrolls of teleportation
 v - a scroll of immolation
 y - 2 scrolls of poison
 B - 3 scrolls of identify
Potions
 e - 4 potions of curing
 f - 2 potions of enlightenment {unknown}
 t - 2 potions of brilliance
 w - a potion of might {unknown}
 x - 4 potions of attraction
 C - a potion of mutation {unknown}


   Skills:
 - Level 1.9 Fighting
 - Level 6.3 Dodging
 - Level 6.6 Unarmed Combat
 + Level 5.1 Spellcasting
 + Level 4.2 Translocations
 + Level 4.2 Air Magic
 - Level 6.7 Shapeshifting


You had 15 spell levels left.
You knew the following spells:

 Your Spells              Type           Power      Damage    Failure   Level
a - Vhi's Electric Charg  Tloc/Air       32%        N/A       28%         4

Your spell library contained the following spells:

 Spells                   Type           Power      Damage    Failure   Level
 Stone Arrow              Conj/Erth      6%         3d7       43%         3
 Animate Armour           Summ/Erth      6%         N/A       85%         4
 Arcjolt                  Conj/Air       5%         1d15      88%         5
 Conjure Ball Lightning   Conj/Air       5%         3x3d6     100%        6
 Plasma Beam              Fire/Air       5%         2x1d15    100%        6
 Discord                  Hex            1%         N/A       100%        8
 Disjunction              Tloc           8%         N/A       100%        8
 Lehudib's Crystal Spear  Conj/Erth      1%         10d2      100%        8


Dungeon Overview and Level Annotations

Branches:
Dungeon (9/15)             Temple (1/1) D:4
   Lair: D:8-11         Orc: D:9-12

Altars:
Cheibriados
Dithmenos
Fedhas
Gozag
Hepliaklqana
Kikubaaqudgha
Makhleb
Nemelex Xobeh
Okawaru
Qazlal
Ru
Sif Muna
Trog
Uskayaw
Vehumet
Xom
Yredelemnul
Zin
The Shining One

Shops:
D:1 *   D:5 [=:(?

Annotations:
D:5 1 runed translucent door, Crazy Yiuf
D:7 3 runed translucent doors, Age's ghost, novice MiFi; GreenGuy14's ghost, novice MiFi; pokeman's ghost, novice DEHW


Innate Abilities, Weirdness & Mutations

You are a tree.
Your roots penetrate the ground, keeping you stationary.
You cannot be teleported.
You are immune to unholy pain and torment.
Your maximum health is greatly increased.
Your equipment is partially melded.
You are too large for most types of armour.
((You have tough skin. (AC +1)))


Message History

You barely miss the troll.
The troll is heavily wounded.
The troll bites you! The troll barely misses you.
The troll claws you but does no damage. The troll bites you but does no damage.
The troll claws you! x2
* * * LOW HITPOINT WARNING * * *
You barely miss the troll.
The troll is heavily wounded.
The troll bites you!
* * * LOW HITPOINT WARNING * * *
The troll barely misses you. The troll closely misses you.
Unknown command.
You feel much better. The troll bites you but does no damage.
The troll claws you! The troll closely misses you.
You closely miss the troll.
The troll is moderately wounded.
The troll bites you!
* * * LOW HITPOINT WARNING * * *
The troll claws you!
* * * LOW HITPOINT WARNING * * *
The troll barely misses you. The troll bites you.
* * * LOW HITPOINT WARNING * * *
The troll claws you!
* * * LOW HITPOINT WARNING * * *
The troll claws you but does no damage.
Your transformation has ended.
You turn into a tree.
Your +0 animal skin melds into your body.
Your roots penetrate the ground.
The troll bites you but does no damage. The troll claws you but does no damage.
The troll claws you!
* * * LOW HITPOINT WARNING * * *
You hit the troll. You burn the troll.
The troll is moderately wounded.
The troll bites you but does no damage.
The troll claws you but does no damage. x2
You hit the troll. You burn the troll.
The troll is heavily wounded.
The troll bites you but does no damage.
The troll claws you but does no damage. x2
The troll bites you!
You die...
Your body crumbles into a pile of gold.

## ## .. .. #.#..#
#.#..# ##. #
#.#..#.... #.
#....#...
...##.###T.....#
........♣......#
...##.#.......## #
#......##
#.......###._.####
#..#.............#
#..#....##.......#
#..##.#.##..P....##
...##.#.##..P......
...###.#.##..P....##


You could see a troll.

Vanquished Creatures
  A steam dragon (D:9)
  4 yaks
  4 water moccasins
  A sky beast (D:7)
  4 orc warriors
  An ice beast (D:6)
  2 ogres
  A centaur (D:7)
  2 phantoms (D:5)
  A scorpion (D:7)
  2 bullfrogs
  8 wights
  A howler monkey (D:4)
  3 vampire bats (D:6)
  A quasit (D:7)
  3 orc priests
  4 hounds
  3 jellies
  3 iguanas
  Jessica (D:2)
  Terence (D:1)
  6 orc wizards
  8 gnolls
  9 adders
  4 shadow imps (D:7)
  4 white imps
  4 ufetubi
  2 worms
  5 dart slugs
  25 orcs
  8 endoplasms
  2 giant cockroaches
  6 goblins
  7 hobgoblins
  3 jackals (D:2)
  4 kobolds
  4 quokkas
  A ball python (D:1)
  11 bats
  4 frilled lizards
  8 rats
176 creatures vanquished.

Vanquished Creatures (others)
  An orc (D:8)
1 creature vanquished.

Grand Total: 177 creatures vanquished

Notes
Turn   | Place    | Note
-------+----------+-------------------------------------------
     0 | D:1      | Shayle the Ogre Shapeshifter began the quest for the Orb.
     0 | D:1      | Reached XP level 1. HP: 19/19 MP: 1/1
   316 | D:1      | Reached XP level 2. HP: 28/28 MP: 2/2
   691 | D:1      | Reached XP level 3. HP: 35/35 MP: 3/3
   830 | D:1      | Found Ogaiwk's General Store.
   992 | D:2      | Noticed Terence
   992 | D:2      | Noticed Jessica
  1022 | D:1      | Killed Terence
  1023 | D:1      | Reached XP level 4. HP: 42/42 MP: 4/4
  1034 | D:2      | Killed Jessica
  1204 | D:2      | Reached XP level 5. HP: 46/49 MP: 5/5
  1598 | D:3      | Found a blossoming altar of Fedhas.
  1621 | D:3      | Identified the +4 ring mail of the Last Suns {Dex+5}
  1698 | D:3      | Found a radiant altar of Vehumet.
  1898 | D:3      | Found a faded altar of an unknown god.
  2402 | D:4      | Reached XP level 6. HP: 43/57 MP: 6/6
  2690 | D:4      | Found a staircase to the Ecumenical Temple.
  2699 | D:4      | Noticed a water moccasin
  2717 | D:4      | Killed a water moccasin
  2869 | D:4      | Reached XP level 7. HP: 63/63 MP: 7/7
  3179 | Temple   | Entered the Ecumenical Temple
  3199 | Temple   | Became a worshipper of Gozag Ym Sagoz the Greedy
  3228 | D:5      | Entered Level 5 of the Dungeon
  3278 | D:5      | Found Torick's Book Shop.
  3426 | D:5      | Reached skill level 5 in Shapeshifting
  3456 | D:4      | Reached skill level 5 in Unarmed Combat
  3621 | D:6      | Reached XP level 8. HP: 37/72 MP: 8/8
  3655 | D:5      | Found Koaligri's Magic Scroll Shoppe.
  3669 | D:5      | Bought a scroll of poison for 48 gold pieces
  3669 | D:5      | Bought a scroll of fear for 48 gold pieces
  3669 | D:5      | Bought a scroll of poison for 48 gold pieces
  3669 | D:5      | Bought a scroll of teleportation for 36 gold pieces
  3669 | D:5      | Bought a scroll of teleportation for 36 gold pieces
  3669 | D:5      | Bought a scroll of identify for 24 gold pieces
  3707 | D:5      | Found a runed translucent door.
  3708 | D:5      | Noticed Crazy Yiuf
  3765 | D:5      | Reached skill level 5 in Dodging
  3795 | D:5      | Noticed an animated plate armour
  3796 | D:5      | Found Ywobrerubuh's Armour Boutique.
  3796 | D:5      | Noticed a yak
  3796 | D:5      | Noticed a yak
  3796 | D:5      | Noticed a yak
  3804 | D:5      | Noticed a yak
  3806 | D:5      | Killed a yak
  3808 | D:5      | Killed a yak
  3808 | D:5      | Killed a yak
  3817 | D:4      | Killed a yak
  4118 | D:4      | Reached XP level 9. HP: 72/73 MP: 9/9
  4140 | D:5      | Noticed an animated shadow dragon scales
  4447 | D:5      | Found a burning altar of Makhleb.
  4532 | D:5      | Found a basalt altar of Yredelemnul.
  4540 | D:5      | Found Leeh's Jewellery Shop.
  4639 | D:5      | Learned a level 4 spell: Vhi's Electric Charge
  4805 | D:5      | Found Wuvupp's Weapon Shop.
  4906 | D:5      | Bought a +2 broad axe of flaming for 230 gold pieces
  5015 | D:6      | Reached skill level 1 in Spellcasting
  5114 | D:6      | Reached skill level 1 in Translocations
  5114 | D:6      | Reached skill level 1 in Air Magic
  5496 | D:6      | Found a sacrificial altar of Ru.
  6098 | D:7      | Found a runed translucent gate.
  6098 | D:7      | Found a runed translucent gate.
  6098 | D:7      | Found a runed translucent gate.
  6105 | D:7      | Noticed GreenGuy14's ghost (novice MiFi)
  6105 | D:7      | Noticed pokeman's ghost (novice DEHW)
  6105 | D:7      | Noticed Age's ghost (novice MiFi)
  6336 | D:7      | Reached XP level 10. HP: 73/87 MP: 16/16
  6756 | D:9      | Reached skill level 5 in Spellcasting
  6824 | D:8      | Found a shimmering blue altar of Sif Muna.
  6878 | D:8      | HP: 6/130 [troll (7)]
  6880 | D:8      | Slain by a troll

Illustrated notes

Levels and vault maps discovered:
D:1:      co_arrival_square_in_a_square_in_a_square, layout_basic, serial_shops,
          shop, minivault_25
D:2:      layout_rooms, uniq_jessica, uniq_terence
D:3:      layout_loops_corners, fedhas_altar_1, nicolae_vehumet_radiance,
          serial_glass, glass_columns_c, glass_columns_b,
          hellmonk_ecumenical_altar_blasted, kennysheep_generic_room_8
D:4:      layout_gridville, minmay_temple_entry_statues
D:5:      layout_cave_pods, marbit_many_paths, general_overflow_altar,
          serial_shops, nicolae_shop_mannequins, nicolae_shop_waterfront,
          nicolae_shop_bloodbath_and_beyond, nicolae_shop_real_fake_doors, shop,
          uniq_crazy_yiuf_cottage
D:6:      layout_cave_pods, nicolae_ru_awakened_eye, roderic_batcave
D:7:      layout_gridville, gammafunk_ghost_cemetery, serial_demonic,
          serial_demonic_c, serial_demonic_g, serial_demonic_d,
          serial_demonic_g, serial_demonic_g, serial_demonic_d
D:8:      layout_loops_ring, mainiacjoe_overflow_boulevard,
          nicolae_overflow_two_pavilions, nzn_wu_jian_contemplation,
          nicolae_the_louvre
D:9:      layout_basic, uniq_erica
Temple:   nicolae_temple_bog_church

Skill      XL: |  1  2  3  4  5  6  7  8  9 10 |
---------------+-------------------------------+-----
Dodging        | 2 3 4 6 |  6.3
Unarmed Combat | 3 4 5 6 |  6.6
Shapeshifting  | 4 5 6 |  6.7
Spellcasting   | 4 5 |  5.1
Translocations | 3 4 |  4.2
Air Magic      | 3 4 |  4.2
Fighting       | |  1.9

Action                     |  1- 3 |  4- 6 |  7- 9 | 10-12 || total
---------------------------+-------+-------+-------+-------++-------
  Melee: Unarmed           |    27 |       |       |       ||    27
         Punch             |     2 |     5 |     7 |     4 ||    18
         Dagger            |    44 |   193 |   163 |       ||   400
         Broad axe         |       |       |   174 |    60 ||   234
  Throw: Dart              |       |     5 |     5 |     4 ||    14
 Invoke: Potion Petition   |       |       |       |     1 ||     1
  Evoke: Wand              |       |       |     9 |     8 ||    17
    Use: Scroll            |       |     9 |     4 |     2 ||    15
         Potion            |       |       |     4 |     5 ||     9
   Stab: Distracted        |       |       |       |     1 ||     1
 Armour: Animal skin       |    33 |   136 |   335 |    95 ||   599
         Skin              |       |       |    10 |    10 ||    20
  Dodge: Dodged            |    29 |    98 |   223 |    64 ||   414

Table legend: (Time is in decaauts)
 A = Elapsed time spent in this place.
 B = Non-inter-level travel time spent in this place.
 C = Inter-level travel time spent in this place.
 D = Time resting spent in this place.
 E = Time spent auto-exploring this place.
 F = Levels seen in this place.
 G = Mean time per level.
                   A        B        C        D        E       F      G
               +--------+--------+--------+--------+--------+-----+--------+
         Total |   7016 |   6728 |    288 |    615 |   3596 |  10 |  701.6 |
       Dungeon |   6979 |   6719 |    260 |    615 |   3596 |   9 |  775.4 |
        Temple |     36 |      8 |     28 |      0 |      0 |   1 |   36.0 |
               +--------+--------+--------+--------+--------+-----+--------+

Top non-repeatable levels by time:
     D:4: 1319 daAuts
     D:5: 1198 daAuts
     D:6: 1041 daAuts
     D:1: 949 daAuts
     D:3: 900 daAuts
     D:7: 850 daAuts
     D:2: 525 daAuts
     D:8: 163 daAuts
  Temple: 36 daAuts
     D:9: 30 daAuts
